 Dungeon Crawl Stone Soup version 0.29.0-4-gdea44cf6ec (webtiles) character file.

Game seed: 4268016489153231267

47 qw the Chopper (level 3, -1/21 HPs)
             Began as a Tengu Warper on Aug 28, 2022.
             Slain by a goblin
             ... wielding a +0 club
             ... led by Robin
              (5 damage)
             ... on level 2 of the Dungeon.
             The game lasted 00:00:07 (1833 turns).

qw the Chopper (Tengu Warper)                       Turns: 1833, Time: 00:00:08

Health: -1/21      AC:  3    Str: 13    XL:     3   Next: 70%
Magic:  7/7        EV: 12    Int: 13    God:
Gold:   88         SH:  0    Dex: 13    Spells: 6/6 levels left

rFire   . . .      SeeInvis .   Y - +0 hand axe
rCold   . . .      Faith    .   (no shield)
rNeg    . . .      Spirit   .   b - +0 leather armour
rPois   .          Reflect  .   (helmet restricted)
rElec   .          Harm     .   (no cloak)
rCorr   .          Rampage  .   (no gloves)
Will    .....                   (boots unavailable)
Stlth   +.........              (no amulet)
HPRegen 0.07/turn               (no ring)
MPRegen 0.10/turn               (no ring)

@: no status effects
A: beak, talons 3
a: no special abilities


You were on level 2 of the Dungeon.
You visited 1 branch of the dungeon, and saw 2 of its levels.

You collected 88 gold pieces.


Innate Abilities, Weirdness & Mutations

You have a beak for a mouth.
You have claws for feet.


   Skills:
 - Level 2.0 Fighting
 + Level 4.3 Axes
 - Level 1.0 Throwing
 - Level 1.1 Armour
 - Level 2.1 Dodging
 - Level 2.0 Spellcasting
 - Level 2.4 Translocations


You had 6 spell levels left.
You didn't know any spells.
Your spell library contained the following spells:

 Spells                   Type           Power      Damage    Failure   Level
 Blink                    Tloc           14%        N/A       19%         2
 Gell's Gravitas          Tloc           7%         N/A       36%         3
 Lesser Beckoning         Tloc           7%         N/A       36%         3
 Teleport Other           Tloc           7%         N/A       36%         3
 Manifold Assault         Tloc           7%         N/A       98%         5

Inventory:

Hand Weapons
 f - a +0 whip
 Y - a +0 hand axe (weapon)
Armour
 b - a +0 leather armour (worn)
Scrolls
 a - a scroll of identify
Potions
 c - 2 potions of might {unknown}
 d - a potion of mutation {unknown}
 e - a potion of brilliance {unknown}

Dungeon Overview and Level Annotations

Branches:
Dungeon (2/15)

Altars:

Annotations:
D:2 Robin


Message History

Your peck misses the goblin. Robin throws the goblin at you!
The goblin barely misses you. x2
You closely miss the goblin. You peck the goblin.
The goblin is moderately wounded.
You hit the goblin but do no damage. x2
The goblin hits you but does no damage. The goblin misses you. x2
You barely miss the goblin.
The goblin is moderately wounded.
You closely miss the goblin. You hit the goblin.
The goblin closely misses you. x2; The goblin hits you but does no damage.
You hit the goblin but do no damage.
The goblin is almost dead.
You barely miss the goblin. You hit the goblin.
The goblin hits you but does no damage. The goblin barely misses you.
The goblin hits you with a +0 dagger.
You barely miss the goblin. You claw the goblin.
You kill the goblin!
You barely miss the goblin. x2
The goblin misses you. The goblin hits you with a +0 dagger.
A hobgoblin comes into view.
You completely miss the goblin.
The hobgoblin shouts!
Your kick misses the goblin.
The goblin is moderately wounded.
You closely miss the goblin.
Robin roars a battlecry!
The goblins go into a battle-frenzy!
The goblin hits you but does no damage. The goblin hits you with a +0 dagger.
You barely miss the goblin. You claw the goblin.
You kill the goblin!
You closely miss the goblin.
A hobgoblin comes into view.
Robin throws the goblin at you! The goblin hits you with a +0 club. x2
You hit the goblin.
You kill the goblin!
You closely miss the goblin. x2
A goblin comes into view. It is wielding a +0 club.
Robin throws the goblin at you! The goblin closely misses you.
The goblin hits you with a +0 club.
You die...

############.......#
##.(............<...#
..)##########..>....#
#### ####.......#
#..........#
#..........#
##########...###.####
...............#g#
###########....#@#
#....%.#.)g#
....##..##g### .#
#..#.g# #..#g## ...g.
#.##.. .. ##.


gg You could see Robin, 2 hobgoblins and 3 goblins.

Vanquished Creatures
  3 dart slugs
  3 bats
  2 endoplasms
  A giant cockroach (D:1)
  6 goblins
  4 hobgoblins
  4 kobolds
  3 quokkas (D:1)
  4 ball pythons
  2 frilled lizards (D:1)
  4 rats
36 creatures vanquished.

Notes
Turn   | Place    | Note
-------+----------+-------------------------------------------
     0 | D:1      | qw the Tengu Warper began the quest for the Orb.
     0 | D:1      | Reached XP level 1. HP: 12/12 MP: 4/4
     0 | D:1      | 0 ||| qw: Version: 0.1-a-89-g26bdef1
     0 | D:1      | 0 ||| qw: Game counter: 1127
     0 | D:1      | 0 ||| qw: Always use a shield: true
     0 | D:1      | 0 ||| qw: God list: Okawaru
     0 | D:1      | 0 ||| qw: Allow faded altars: false
     0 | D:1      | 0 ||| qw: Do Orc after D:15 true
     0 | D:1      | 0 ||| qw: Do second Lair branch before Depths: true
     0 | D:1      | 0 ||| qw: Lair rune preference: random
     0 | D:1      | 0 ||| qw: Plans: Normal
     0 | D:1      | 0 ||| PLANNING D:1-11
   179 | D:1      | 179 ||| Stepping ~*~*~tactically~*~*~ (stealth).
   180 | D:1      | 180 ||| Stepping ~*~*~tactically~*~*~ (stealth).
   185 | D:1      | Reached skill level 3 in Axes
   185 | D:1      | Reached XP level 2. HP: 17/17 MP: 6/6
   531 | D:1      | 531 ||| Stepping ~*~*~tactically~*~*~ (stealth).
   813 | D:1      | 813 ||| Stepping ~*~*~tactically~*~*~ (stealth).
   815 | D:1      | 815 ||| Stepping ~*~*~tactically~*~*~ (hiding).
   823 | D:1      | Reached XP level 3. HP: 21/21 MP: 7/7
  1077 | D:1      | 1077 ||| Stepping ~*~*~tactically~*~*~ (stealth).
  1079 | D:1      | 1079 ||| Stepping ~*~*~tactically~*~*~ (stealth).
  1085 | D:1      | Found a faded altar of an unknown god.
  1123 | D:1      | 1123 ||| READING 2 scrolls labelled VOAKHE CUYNTI.
  1124 | D:1      | 1124 ||| READING scroll labelled FILINU ZAUB.
  1125 | D:1      | 1125 ||| READING scroll labelled QOR YBUEWUA.
  1126 | D:1      | 1126 ||| DROPPING scroll of blinking.
  1171 | D:2      | 1171 ||| STAIRDANCE
  1276 | D:2      | Reached skill level 4 in Axes
  1416 | D:2      | 1416 ||| Stepping ~*~*~tactically~*~*~ (hiding).
  1518 | D:2      | 1518 ||| Stepping ~*~*~tactically~*~*~ (hiding).
  1620 | D:2      | 1620 ||| Stepping ~*~*~tactically~*~*~ (hiding).
  1722 | D:2      | 1722 ||| Stepping ~*~*~tactically~*~*~ (hiding).
  1813 | D:2      | 1813 ||| Stepping ~*~*~tactically~*~*~ (stealth).
  1815 | D:2      | 1815 ||| Stepping ~*~*~tactically~*~*~ (hiding).
  1817 | D:2      | 1817 ||| Stepping ~*~*~tactically~*~*~ (hiding).
  1825 | D:2      | Noticed Robin
  1832 | D:2      | HP: 4/21 [goblin/+0 club[Robin] (6)]
  1833 | D:2      | Slain by a goblin

Levels and vault maps discovered:
D:1:      dpeg_arrival_tiny_a, layout_loops_ring,
          hellmonk_ecumenical_altar_inner_sanctum
D:2:      layout_rooms, serial_curves, eino_curves_04, eino_curves_01,
          uniq_robin

Skill      XL: |  1  2  3 |
---------------+----------+-----
Axes           | 3 4 |  4.3
Fighting       | |  2.0
Throwing       | |  1.0
Armour         | |  1.1
Dodging        | |  2.1
Spellcasting   | |  2.0
Translocations | |  2.4

Action                   || total
-------------------------++-------
Melee: Hand axe          ||    79
       Peck              ||    15
       Kick              ||    21
       Punch             ||     2
Throw: Boomerang         ||     7
  Use: Scroll            ||     3
Armor: Leather armour    ||    21
Dodge: Dodged            ||    54

Table legend:
 A = Non-vault XP
 B = Vault XP
 C = Vault XP percentage of total XP
 D = Non-vault monster count
 E = Vault monster count
 F = Vault count percentage of total count
                 A         B        C        D         E       F
            +---------+---------+-------+---------+---------+-------
      Total |      60 |      10 |  14.3 |      31 |       5 |  13.9
            +---------+---------+-------+---------+---------+-------
        D:1 |      43 |       0 |   0.0 |      23 |       0 |   0.0
        D:2 |      17 |      10 |  37.0 |       8 |       5 |  38.5
            +---------+---------+-------+---------+---------+-------
